 Dungeon Crawl Stone Soup version 0.27.1-33-g824d729ab1 (webtiles) character file.

Game seed: 12938629145933599507

1090 Kurot the Magician (level 8, -4/31 HPs)
             Began as a Felid Air Elementalist on Dec 24, 2021.
             Was a Priest of Sif Muna.
             Slain by Grinder (6 damage)
             ... while paralysed by Grinder
             ... on level 6 of the Dungeon.
             The game lasted 00:46:25 (9596 turns).

Kurot the Magician (Felid Air Elementalist)         Turns: 9596, Time: 00:46:25

Health: -4/31      AC:  2    Str:  5    XL:     8   Next: 9%
Magic:  12/18      EV:  4    Int: 18    God:    Sif Muna [***...]
Gold:   263        SH:  0    Dex: 16    Spells: 9/19 levels left
                                        Lives:  0   Deaths: 2

rFire    . . .     SeeInvis +     - Unarmed
rCold    . . .     Faith    .   (shield unavailable)
rNeg     . . .     Spirit   .   (armour unavailable)
rPois    .         Reflect  .   (helmet unavailable)
rElec    .         Harm     .   (cloak unavailable)
rCorr    .         Rampage  .   (gloves unavailable)
Will     ++...                  (boots unavailable)
Stlth    +++.......             (no amulet)
HPRegen  0.10/turn              b - ring of willpower
MPRegen  0.16/turn              (no ring)

@: paralysed, quick
A: very small, claws 1, fangs 3, see invisible, speed 1, shaggy fur 2, stealthy
paws, no weapons or thrown items, no armour, multi-lived, mutation resistance 1,
screaming 1
a: Renounce Religion, Channel Magic, Forget Spell


You were on level 6 of the Dungeon.
You worshipped Sif Muna.
Sif Muna was most pleased with you.
You visited 1 branch of the dungeon, and saw 6 of its levels.
You also visited: Sewer.

You collected 263 gold pieces.

Inventory:

Jewellery
 a - a ring of flight
 b - a ring of willpower (left paw)
Wands
 j - a wand of mindburst (12)
Scrolls
 f - a scroll of silence
 h - a scroll of teleportation
Potions
 c - 2 potions of ambrosia
 d - 2 potions of cancellation
 e - a potion of curing
 g - a potion of lignification {unknown}
 i - a potion of attraction
 l - 2 potions of flight


   Skills:
 + Level 0.6 Fighting
 + Level 3.7 Dodging
 + Level 4.6 Stealth
 + Level 1.3 Unarmed Combat
 + Level 6.2 Spellcasting
 + Level 4.9 Conjurations
 + Level 3.5 Hexes
 + Level 6.1 Air Magic
 * Level 3.1 Invocations
 + Level 0.3 Evocations


You had 9 spell levels left.
You knew the following spells:

 Your Spells              Type           Power      Damage    Failure   Level
a - Shock                 Conj/Air       100%       1d9       1%          1
b - Static Discharge      Conj/Air       25%        N/A       1%          2
c - Airstrike             Air            13%        N/A       10%         4
d - Confusing Touch       Hex            18%        N/A       9%          3

Your spell library contained the following spells:

 Spells                   Type           Power      Damage    Failure   Level
 Swiftness                Air            27%        N/A       2%          3
 Slow                     Hex            18%        N/A       4%          2
 Iskenderun's Battlesphe  Conj           23%        2d8       38%         5
 Yara's Violent Unravell  Hex/Tmut       5%         3d4       85%         5
 Iron Shot                Conj/Erth      7%         9d2       100%        6
 Spellforged Servitor     Conj/Summ      7%         N/A       100%        7


Dungeon Overview and Level Annotations

Branches:
Dungeon (6/15)             Temple (0/1) D:4           Sewer (visited)

Altars:
Sif Muna
Uskayaw

Annotations:
D:6 Grinder


Innate Abilities, Weirdness & Mutations

You have sharp claws.
You have razor-sharp teeth.
You have supernaturally acute eyesight. (SInv)
You cover ground quickly. (Speed+)
You are covered in thick fur. (AC +2)
Your paws help you pounce on unaware monsters.
You are incapable of wielding weapons or throwing items.
You cannot wear armour.
You gain extra lives every three experience levels.
You are somewhat resistant to further mutation.
You occasionally shout uncontrollably at your foes.


Message History

Found a dagger.
Grinder comes into view.
Aiming: Shock (safe; 1% risk of failure)
Press: ? - help, Q - select action, (/) - cycle Shift-Dir - straight line The zap hits Grinder.
Grinder is lightly wounded.
Grinder shouts!
The zap hits Grinder!
Grinder is moderately wounded.
Aiming: Shock (safe; 1% risk of failure)
Press: ? - help, Q - select action, (/) - cycle Shift-Dir - straight line The zap hits Grinder.
Grinder is moderately wounded.
Casting: Shock (safe; 1% risk of failure)
Confirm with . or Enter, or press ? or * to list all spells.
Grinder is struck by an arc of lightning.
Grinder is heavily wounded.
You are struck by an arc of lightning.
The lightning grounds out.
Grinder blinks!
Aiming: Shock (safe; 1% risk of failure)
Press: ? - help, Q - select action, (/) - cycle Shift-Dir - straight line The zap hits Grinder!
Grinder is severely wounded.
The zap misses Grinder.
Casting: Shock (safe; 1% risk of failure)
Confirm with . or Enter, or press ? or * to list all spells.
Grinder is struck by an arc of lightning!
Grinder is almost dead.
You are struck by an arc of lightning.
The lightning grounds out.
Grinder hits you!
You writhe in agony.
Unknown command.
You feel better. Grinder gestures at you.
You suddenly lose the ability to move!
Grinder hits you!
* * * LOW HITPOINT WARNING * * *
You writhe in agony.
* * * LOW HITPOINT WARNING * * *
Grinder hits you.
You die...

### #.#
#.## #5.#
#####@.#
#......#
#.###.##
###### #.#
#...
#####....#
#.# #####
...##....#
#.#
...##....#
#.# #.#
########
...##....#
#.####.####
#......#
....^....#
#.........
#.####.#


You could see Grinder.

Vanquished Creatures
  Prince Ribbit (D:6)
  Sigmund (D:6)
  Edmund (D:6)
  Duvessa (D:6)
  A water moccasin (D:5)
  A hornet zombie (D:6)
  An ice beast (D:6)
  An ogre (D:4)
  2 phantoms
  Blork the orc (D:6)
  A kobold brigand (Sewer)
  Dowan (D:6)
  A scorpion (D:4)
  A wyvern skeleton (D:6)
  A howler monkey (D:6)
  A bullfrog skeleton (D:5)
  5 hounds
  3 jellies
  2 orc priests (D:5)
  A centaur skeleton (D:5)
  Jessica (D:2)
  4 orc wizards
  3 gnolls (D:3)
  5 adders
  2 river rats (Sewer)
  An adder skeleton (D:4)
  4 worms
  A dart slug (D:3)
  18 orcs
  3 endoplasms
  3 giant cockroaches
  4 goblins
  4 hobgoblins
  7 jackals
  7 quokkas
  8 ball pythons
  2 bats
  7 frilled lizards
  10 kobolds
  8 rats
130 creatures vanquished.

Notes
Turn   | Place    | Note
-------+----------+-------------------------------------------
     0 | D:1      | Kurot the Felid Air Elementalist began the quest for the
                  | Orb.
     0 | D:1      | Reached XP level 1. HP: 7/7 MP: 4/4
   854 | D:1      | Reached XP level 2. HP: 11/11 MP: 3/6
   857 | D:1      | Learned a level 2 spell: Static Discharge
  1015 | D:1      | Found a faded altar of an unknown god.
  1046 | D:1      | Became a worshipper of Uskayaw the Reveller
  1046 | D:1      | Reached * piety under Uskayaw
  1453 | D:2      | Reached skill level 1 in Conjurations
  1514 | D:2      | Reached ** piety under Uskayaw
  1518 | D:2      | Found a shimmering blue altar of Sif Muna.
  1559 | D:2      | Fell from the grace of Uskayaw
  1559 | D:2      | Became a worshipper of Sif Muna the Loreminder
  1667 | D:2      | Reached XP level 3. HP: 12/14 MP: 4/7
  1816 | D:2      | Noticed Jessica
  1827 | D:2      | Killed Jessica
  2001 | D:2      | Reached XP level 4. HP: 18/18 MP: 6/8
  2194 | D:2      | Learned a level 4 spell: Airstrike
  2927 | D:3      | Reached * piety under Sif Muna
  3086 | D:3      | Paralysed by the fury of Uskayaw for 5 turns
  3361 | D:3      | Gained mutation: You occasionally shout uncontrollably at
                  | your foes. [potion of mutation]
  3361 | D:3      | Gained mutation: You are somewhat resistant to further
                  | mutation. [potion of mutation]
  4081 | D:3      | Reached XP level 5. HP: 14/21 MP: 0/10
  4282 | D:4      | Slain by a hound
  4283 | D:4      | Reached XP level 4. HP: 0/18 MP: 1/9
  4310 | D:4      | Noticed a scorpion
  4321 | D:4      | Killed a scorpion
  4441 | D:4      | Reached skill level 1 in Unarmed Combat
  4441 | D:4      | Reached XP level 5. HP: 18/21 MP: 1/11
  4932 | D:4      | Found a staircase to the Ecumenical Temple.
  5035 | D:4      | Noticed an ogre
  5043 | D:4      | Killed an ogre
  5044 | D:4      | Gained mutation: You are covered in thick fur. (AC +2)
                  | [Felid growth]
  5044 | D:4      | Reached XP level 6. HP: 18/24 MP: 0/12
  5862 | D:5      | Entered Level 5 of the Dungeon
  6472 | D:4      | Reached ** piety under Sif Muna
  6693 | D:5      | Reached XP level 7. HP: 21/28 MP: 5/14
  7194 | D:5      | Was forgiven by Uskayaw
  7540 | D:5      | Reached skill level 5 in Spellcasting
  7540 | D:5      | Reached skill level 5 in Air Magic
  7632 | D:5      | Learned a level 3 spell: Confusing Touch
  8023 | D:6      | Reached skill level 1 in Invocations
  8023 | D:6      | Reached XP level 8. HP: 17/31 MP: 0/16
  8023 | D:6      | Noticed Sigmund
  8140 | D:6      | Killed Sigmund
  8161 | D:6      | Found a glowing drain.
  8179 | Sewer    | Entered a sewer
  8484 | Sewer    | Found a white marble altar of Elyvilon.
  8578 | D:6      | Noticed Blork the orc
  8602 | D:6      | Killed Blork the orc
  8680 | D:6      | Noticed Edmund
  8687 | D:6      | Killed Edmund
  8689 | D:6      | Reached skill level 1 in Hexes
  8821 | D:6      | Noticed Prince Ribbit
  8829 | D:6      | Killed Prince Ribbit
  8829 | D:6      | Reached *** piety under Sif Muna
  9190 | D:6      | Noticed Dowan
  9193 | D:6      | Noticed Duvessa
  9294 | D:6      | Killed Duvessa
  9299 | D:6      | Killed from afar by Dowan
  9300 | D:6      | Reached XP level 7. HP: -4/28 MP: 11/17
  9325 | D:6      | Killed Dowan
  9326 | D:6      | Reached XP level 8. HP: 31/31 MP: 15/18
  9587 | D:6      | Noticed Grinder
  9594 | D:6      | Paralysed by Grinder for 7 turns
  9596 | D:6      | Slain by Grinder

Illustrated notes

Levels and vault maps discovered:
D:1:      ebering_hopf_link, layout_loops_corners, basic_ecumenical_altar
D:2:      layout_basic, basic_altar, minmay_distorted, uniq_jessica
D:3:      layout_basic
D:4:      layout_basic, temple_hall
D:5:      layout_loops_ring
D:6:      layout_basic, portal_sewer_entry_f, st_stairs_2, uniq_duvessa,
          uniq_sigmund, uniq_blork_the_orc, uniq_grinder, uniq_prince_ribbit1,
          uniq_edmund

Skill      XL: |  1  2  3  4  5  6  7  8 |
---------------+-------------------------+-----
Air Magic      | 3 4 5 6 |  6.1
Stealth        | 3 4 |  4.6
Conjurations   | 1 2 3 4 |  4.9
Dodging        | 3 |  3.7
Spellcasting   | 3 4 5 6 |  6.2
Unarmed Combat | 1 |  1.3
Invocations    | 1 3 |  3.1
Hexes          | 3 2 |  3.5
Fighting       | |  0.6
Evocations     | |  0.3

Action                   |  1- 3 |  4- 6 |  7- 9 || total
-------------------------+-------+-------+-------++-------
Melee: Unarmed           |    20 |    30 |    31 ||    81
       Bite              |       |     2 |     3 ||     5
 Cast: Shock             |    43 |   121 |   139 ||   303
       Static Discharge  |     4 |    41 |    40 ||    85
       Airstrike         |       |     4 |       ||     4
       Confusing Touch   |       |       |     2 ||     2
Evoke: Wand              |       |       |     5 ||     5
  Use: Scroll            |     3 |     7 |     4 ||    14
       Potion            |     1 |     3 |     4 ||     8
 Stab: Sleeping          |     5 |     5 |       ||    10
Armor: Skin              |     2 |     6 |     8 ||    16
Dodge: Dodged            |    15 |    70 |    53 ||   138
